[Event "ICC tourney 2411 (45 10)"]
[Site "Internet Chess Club"]
[Date "2021.02.27"]
[Round "2"]
[White "Sofer, Daniel:DanielSofer"]
[Black "SARAVANAN, ARYA:aryasaravanan"]
[Result "0-1"]
[ICCResult "White checkmated"]
[WhiteElo "987"]
[BlackElo "1214"]
[Opening "Sicilian"]
[ECO "B50"]
[NIC "SI.01"]
[Time "13:31:52"]
[PlyCount "64"]
[TimeControl "2700+10"]

1. e4 c5 2. Nf3 d6 3. Nc3 Nc6 4. Bb5 a6 5. Bxc6+ bxc6 6. d3 e6 7. d4 d5 8.
exd5 cxd5 9. dxc5 Bxc5 10. Ne5 Nf6 11. a3 O-O 12. Bg5 Bb7 13. Bxf6 Qxf6 14.
Qe2 Rfd8 15. O-O-O Qxf2 16. Qh5 g6 17. Qh6 Be3+ 18. Qxe3 Qxe3+ 19. Kb1 Qxe5
20. Rde1 Qd6 21. Rhf1 d4 22. Ne4 Bxe4 23. Rxe4 d3 24. c3 d2 25. Rd1 Qd3+
26. Ka1 Qxe4 27. g4 Qe1 28. Rxe1 dxe1=Q+ 29. Ka2 Qd1 30. g5 Rdb8 31. a4
Qb3+ 32. Ka1 Qxb2# { White checkmated } 0-1

[Event "ICC tourney 2411 (45 10)"]
[Site "Internet Chess Club"]
[Date "2021.02.27"]
[Round "2"]
[White "DIXIT, RAAJAS KUNAL:raadix028"]
[Black "RAMPRASAD, UDBHAV:Udbhav10"]
[Result "1-0"]
[ICCResult "Black resigns"]
[WhiteElo "935"]
[BlackElo "650"]
[Opening "Queen's pawn, Mason variation"]
[ECO "D00"]
[NIC "QP.08"]
[Time "13:31:49"]
[PlyCount "93"]
[TimeControl "2700+10"]

1. d4 d5 2. Bf4 Nf6 3. e3 e6 4. Nf3 Nc6 5. Nbd2 Bd6 6. Bg3 O-O 7. Bd3 Bd7
8. c3 Qe8 9. Ne5 Bxe5 10. Bxe5 Nxe5 11. dxe5 Ng4 12. Qxg4 f5 13. exf6 Rxf6
14. Qh4 Rh6 15. Qg4 e5 16. Qe2 e4 17. Bc2 Bb5 18. Qd1 Qg6 19. g3 Bd3 20.
Bxd3 exd3 21. Qb3 Qg4 22. Qxd5+ Kf8 23. Qxd3 Rd6 24. Qe2 Qd7 25. O-O-O Rd8
26. Ne4 Rxd1+ 27. Qxd1 Qxd1+ 28. Rxd1 Rxd1+ 29. Kxd1 c5 30. Nxc5 b6 31. Ne4
a5 32. f4 Ke7 33. Kd2 Ke6 34. Kd3 Kd5 35. c4+ Kc6 36. Kd4 b5 37. cxb5+ Kxb5
38. Kc3 a4 39. b3 a3 40. Nd6+ Ka5 41. b4+ Kb6 42. Kc4 Kc6 43. Ne4 Kb6 44.
Nc5 Kc6 45. e4 Kd6 46. e5+ Ke7 47. b5 { Black resigns } 1-0

[Event "ICC tourney 2411 (45 10)"]
[Site "Internet Chess Club"]
[Date "2021.02.27"]
[Round "2"]
[White "BUDHABHATTI, SHESH:bshesh131"]
[Black "GUO, RYAN:SMILERG"]
[Result "1/2-1/2"]
[ICCResult "Game drawn by mutual agreement"]
[WhiteElo "1033"]
[BlackElo "1283"]
[Opening "King's Indian: fianchetto, classical variation"]
[ECO "E67"]
[NIC "KI.65"]
[Time "13:31:59"]
[PlyCount "52"]
[TimeControl "2700+10"]

1. c4 Nf6 2. Nc3 g6 3. g3 Bg7 4. Bg2 O-O 5. d4 d6 6. Nf3 Nbd7 7. O-O e5 8.
dxe5 dxe5 9. h3 Qe7 10. e4 Nc5 11. Re1 b6 12. Qc2 Bb7 13. b4 Na6 14. a3
Rad8 15. Nd5 Qe6 16. Bb2 c6 17. b5 cxd5 18. bxa6 dxe4 19. Ng5 Qf5 20. axb7
Qxg5 21. c5 Rb8 22. c6 Qf5 23. Rxe4 Nxe4 24. Bxe4 Qxh3 25. c7 Rbe8 26. Rd1
Qg4 { Game drawn by mutual agreement } 1/2-1/2

[Event "ICC tourney 2411 (45 10)"]
[Site "Internet Chess Club"]
[Date "2021.02.27"]
[Round "2"]
[White "GILILLAND, JESSE:ThirstyMonster"]
[Black "Sathu, Aarnav:aarnavsathu"]
[Result "1-0"]
[ICCResult "Black checkmated"]
[WhiteElo "1283"]
[BlackElo "1055"]
[Opening "QGD"]
[ECO "D30"]
[NIC "QP.08"]
[Time "13:31:51"]
[PlyCount "135"]
[TimeControl "2700+10"]

1. d4 d5 2. c4 e6 3. Nf3 Nf6 4. Bg5 Be7 5. Nc3 Nc6 6. e3 Bd7 7. Bxf6 Bxf6
8. cxd5 exd5 9. Nxd5 Bf5 10. Nc3 O-O 11. Bd3 Bg6 12. a3 Re8 13. O-O a6 14.
Rc1 Qd7 15. Ne2 Rad8 16. Nf4 Bxd3 17. Nxd3 Qf5 18. Nc5 Rb8 19. Qd2 Ne7 20.
Rfe1 Ng6 21. Qc2 Qxc2 22. Rxc2 Be7 23. Rd1 Red8 24. Rcd2 a5 25. Nd3 b6 26.
Nde5 Nxe5 27. Nxe5 Rd6 28. Rc2 c5 29. Nc4 Rd7 30. Rcd2 Rbd8 31. Nxb6 Rd6
32. Nc4 R6d7 33. dxc5 Rxd2 34. Rxd2 Rxd2 35. Nxd2 Bxc5 36. Kf1 a4 37. Ke2
Bd6 38. Kd3 Bxh2 39. g3 h5 40. Nf3 Bxg3 41. fxg3 f6 42. Nd4 g5 43. Ke4 Kg7
44. b3 h4 45. gxh4 gxh4 46. Kf4 axb3 47. Nxb3 f5 48. Nd4 Kg6 49. Nxf5 h3
50. Nh4+ Kh5 51. Kg3 h2 52. Kxh2 Kxh4 53. a4 Kg4 54. a5 Kf3 55. a6 Ke4 56.
a7 Kxe3 57. a8=Q Kd4 58. Qc6 Ke5 59. Kg3 Kd4 60. Kf4 Kd3 61. Qe4+ Kc3 62.
Ke3 Kb3 63. Qd4 Kc2 64. Qd3+ Kc1 65. Qd2+ Kb1 66. Kd3 Ka1 67. Kc3 Kb1 68.
Qb2# { Black checkmated } 1-0

[Event "ICC tourney 2411 (45 10)"]
[Site "Internet Chess Club"]
[Date "2021.02.27"]
[Round "2"]
[White "HUA, OLIVER:oxdidi"]
[Black "procopio, Patti:prostripe"]
[Result "1-0"]
[ICCResult "Black resigns"]
[WhiteElo "993"]
[BlackElo "1246"]
[Opening "Caro-Kann: advance variation"]
[ECO "B12"]
[NIC "CK.04"]
[Time "13:32:37"]
[PlyCount "63"]
[TimeControl "2700+10"]

1. e4 c6 2. d4 d5 3. e5 Bf5 4. Nf3 e6 5. Nc3 Nd7 6. Be2 c5 7. Be3 cxd4 8.
Bxd4 Ne7 9. O-O Nc6 10. Re1 Nxd4 11. Nxd4 Bb4 12. Nxf5 exf5 13. Qxd5 Bxc3
14. bxc3 O-O 15. Rad1 Nb6 16. Qf3 Qc7 17. Qxf5 Qxc3 18. Bd3 g6 19. Qg4 Rae8
20. e6 f5 21. Qg5 Kg7 22. e7 Rf7 23. h4 h6 24. Qg3 Qc5 25. h5 g5 26. Re5
Qc8 27. Rde1 Qd7 28. Bb5 Qd2 29. Bxe8 f4 30. Qg4 Rf6 31. Bb5 Nd5 32. e8=Q {
Black resigns } 1-0

[Event "ICC tourney 2411 (45 10)"]
[Site "Internet Chess Club"]
[Date "2021.02.27"]
[Round "2"]
[White "SHAPIRO, NATHAN:nathanshapiro"]
[Black "RAMKUMAR, NIKHIL:nikhilramkumar"]
[Result "1-0"]
[ICCResult "Black checkmated"]
[WhiteElo "916"]
[BlackElo "583"]
[Opening "Vienna gambit"]
[ECO "C29"]
[NIC "VG.04"]
[Time "13:32:37"]
[PlyCount "41"]
[TimeControl "2700+10"]

1. e4 e5 2. Nc3 Nf6 3. f4 exf4 4. e5 Ng8 5. Nf3 d5 6. d4 Bg4 7. Bxf4 Nc6 8.
Bb5 a6 9. Ba4 b5 10. Bb3 Nxd4 11. Qxd4 Bxf3 12. gxf3 Qh4+ 13. Ke2 Ne7 14.
Nxd5 Nxd5 15. Qxd5 Qxf4 16. Qxa8+ Ke7 17. Rhe1 Qxe5+ 18. Kf1 Qxe1+ 19.
Rxe1+ Kd7 20. Re8 Kd6 21. Qd5# { Black checkmated } 1-0

[Event "ICC tourney 2411 (45 10)"]
[Site "Internet Chess Club"]
[Date "2021.02.27"]
[Round "2"]
[White "DELABRE, TONY:tdelabre62"]
[Black "GRULICH, JOSHUA EDWARD:JoshuaGrulich"]
[Result "0-1"]
[ICCResult "White resigns"]
[WhiteElo "1229"]
[BlackElo "1026"]
[Opening "French: advance, Paulsen attack"]
[ECO "C02"]
[NIC "FR.03"]
[Time "13:31:51"]
[PlyCount "104"]
[TimeControl "2700+10"]

1. e4 e6 2. d4 d5 3. e5 c5 4. c3 Nc6 5. Nf3 Qb6 6. b3 Nge7 7. Be2 Nf5 8.
Be3 cxd4 9. Nxd4 Ncxd4 10. Bxd4 Nxd4 11. Qxd4 Qxd4 12. cxd4 Bb4+ 13. Kf1
Bd7 14. a3 Ba5 15. Ra2 Rc8 16. g3 O-O 17. Kg2 Rc7 18. Bd3 Rfc8 19. b4 Bb6
20. Rd1 Rc1 21. Rdd2 Bxd4 22. Rac2 R1xc2 23. Bxc2 Bxe5 24. f4 Bd6 25. Rf2
b6 26. Kf3 a5 27. bxa5 bxa5 28. Kg4 f5+ 29. Kh3 Rb8 30. Re2 Rb2 31. Nc3
Bxa3 32. Kg2 Bb4 33. Nd1 Ra2 34. g4 Ba4 35. Ne3 Bc5 36. Kf3 fxg4+ 37. Kxg4
Bxe3 38. Rxe3 Rxc2 39. Rxe6 Bd7 40. f5 Bxe6 41. fxe6 Kf8 42. Kf5 Ke7 43.
Ke5 Re2+ 44. Kxd5 Rxe6 45. Kc5 Ra6 46. Kb5 Ra8 47. Ka4 g5 48. h3 h5 49. Ka3
g4 50. hxg4 hxg4 51. Ka2 g3 52. Ka3 Rb8 { White resigns } 0-1

[Event "ICC tourney 2411 (45 10)"]
[Site "Internet Chess Club"]
[Date "2021.02.27"]
[Round "2"]
[White "RIZZO, THOMAS:twrchess"]
[Black "KRISHNAN, ASHVATH:ashvathk5"]
[Result "0-1"]
[ICCResult "White checkmated"]
[WhiteElo "1378"]
[BlackElo "1177"]
[Opening "English: four knights system"]
[ECO "A28"]
[NIC "EO.08"]
[Time "13:31:52"]
[PlyCount "74"]
[TimeControl "2700+10"]

1. c4 e5 2. Nc3 Nc6 3. Nf3 Nf6 4. d4 exd4 5. Nxd4 Bc5 6. e3 O-O 7. Be2 d6
8. O-O Qe7 9. Bf3 Bd7 10. Ndb5 Rfc8 11. a3 a6 12. Nd4 Qe5 13. Nde2 Be6 14.
b3 Rd8 15. Bb2 Qg5 16. Ne4 Nxe4 17. Bxe4 Bxe3 18. Qd3 Ba7 19. Bxh7+ Kf8 20.
Be4 Ne5 21. Qg3 Qd2 22. Bxe5 dxe5 23. Rfe1 Qd6 24. Kf1 Rd7 25. Nc3 c6 26.
Red1 Qc7 27. Qh4 Rad8 28. Qh8+ Ke7 29. Qxg7 Qb6 30. Qg5+ Ke8 31. Qg3 Qxb3
32. Qg8+ Ke7 33. Qg5+ f6 34. Qg7+ Bf7 35. Bg6 Rxd1+ 36. Rxd1 Rxd1+ 37. Nxd1
Qxd1# { White checkmated } 0-1

[Event "ICC tourney 2411 (45 10)"]
[Site "Internet Chess Club"]
[Date "2021.02.27"]
[Round "2"]
[White "BLIZNIUK, STANISLAW:Sbliz20"]
[Black "LLANOS, ALEXANDER ADEE:alexanderllanos"]
[Result "0-1"]
[ICCResult "White resigns"]
[WhiteElo "1180"]
[BlackElo "992"]
[Opening "Queen's pawn: London system"]
[ECO "A45"]
[NIC "QP.07"]
[Time "13:31:43"]
[PlyCount "114"]
[TimeControl "2700+10"]

1. d4 Nf6 2. Bf4 g6 3. e3 Bg7 4. Be2 d6 5. Nc3 c6 6. Nf3 Nbd7 7. O-O O-O 8.
h3 Qc7 9. Qd3 c5 10. d5 a6 11. Rad1 b5 12. e4 c4 13. Qe3 Nc5 14. Rd4 Nh5
15. Bh6 Bxd4 16. Nxd4 Ng7 17. a3 e5 18. dxe6 fxe6 19. b4 cxb3 20. cxb3 Qf7
21. b4 Nd7 22. Bf3 Nb6 23. Qd3 Nc4 24. Bc1 Ne5 25. Qe2 Nxf3+ 26. Nxf3 e5
27. Nd5 h6 28. Bxh6 Qb7 29. Rd1 Be6 30. Qd2 Bxd5 31. Qxd5+ Qxd5 32. Rxd5
Rfd8 33. Nh4 Kh7 34. Bg5 Rd7 35. Nf3 Ne6 36. Be3 Nc7 37. Rd1 Re8 38. Bb6
Na8 39. Ba5 Nc7 40. Bxc7 Rxc7 41. Rxd6 Ra8 42. Nxe5 Rc3 43. f4 Rxa3 44.
Rd7+ Kg8 45. Nxg6 a5 46. e5 axb4 47. e6 b3 48. e7 Re8 49. Rd8 Kf7 50. Ne5+
Kxe7 51. Nc6+ Kf8 52. Rd5 Ra1+ 53. Kf2 b2 54. Rf5+ Kg7 55. Ne5 Rxe5 56.
Rxe5 b1=Q 57. Rg5+ Kf6 { White resigns } 0-1

[Event "ICC tourney 2411 (45 10)"]
[Site "Internet Chess Club"]
[Date "2021.02.27"]
[Round "2"]
[White "WESLEY, GEORGE:Maglars"]
[Black "PRABHU, VARUN:varunprabhu"]
[Result "0-1"]
[ICCResult "White resigns"]
[WhiteElo "1006"]
[BlackElo "725"]
[Opening "English: symmetrical variation"]
[ECO "A30"]
[NIC "EO.64"]
[Time "13:31:46"]
[PlyCount "78"]
[TimeControl "2700+10"]

1. c4 c5 2. g3 Nc6 3. Bg2 e5 4. Nc3 Nf6 5. d3 h6 6. e4 Be7 7. Nge2 O-O 8.
O-O d6 9. a3 Be6 10. Rb1 Qc8 11. Re1 Bh3 12. Bh1 b6 13. Nd5 Nxd5 14. exd5
Nd8 15. Be3 f6 16. Qd2 Nf7 17. b4 cxb4 18. axb4 Qf5 19. d4 Ng5 20. f4 Ne4
21. Qd3 Qg6 22. Bxe4 f5 23. Bh1 e4 24. Qc2 Bg4 25. Kf2 Qh5 26. h4 Bf3 27.
Ng1 Bxh1 28. Kf1 Qg4 29. Qh2 Bf3 30. Rb2 Rac8 31. c5 dxc5 32. b5 cxd4 33.
Bxd4 Rc4 34. Qf2 Bd6 35. Rd2 Rfc8 36. Rdd1 Bxd1 37. Kg2 Rc2 38. Kf1 Rxf2+
39. Kxf2 Rc2+ { White resigns } 0-1

[Event "ICC tourney 2411 (45 10)"]
[Site "Internet Chess Club"]
[Date "2021.02.27"]
[Round "2"]
[White "BAREKET, NIMROD:nb12"]
[Black "SCHWARTZ, DOUGLAS S:Douglas1"]
[Result "1/2-1/2"]
[ICCResult "Game drawn because neither player has mating material"]
[WhiteElo "1212"]
[BlackElo "997"]
[Opening "Petrov's defense"]
[ECO "C42"]
[NIC "RG.03"]
[Time "13:31:45"]
[PlyCount "136"]
[TimeControl "2700+10"]

1. e4 e5 2. Nf3 Nf6 3. Nxe5 Nc6 4. Nxc6 dxc6 5. d3 Bc5 6. Be2 h5 7. Be3
Bxe3 8. fxe3 Bg4 9. Nc3 Bxe2 10. Qxe2 Qe7 11. h3 O-O-O 12. O-O-O g5 13. Qf3
g4 14. Qf5+ Kb8 15. Rdf1 gxh3 16. gxh3 Rh6 17. Rhg1 a6 18. Qg5 Rg6 19. Qf4
Rdg8 20. Rxg6 Rxg6 21. Kd2 Qe6 22. Qf5 Qxf5 23. exf5 Rg2+ 24. Ne2 Rh2 25.
Rf3 Nh7 26. Ke1 Rh1+ 27. Kf2 Rh2+ 28. Kf1 Rh1+ 29. Ng1 Rh2 30. Rf2 Rxf2+
31. Kxf2 Nf6 32. Kg3 Nd5 33. Kf3 Nb4 34. e4 Nxc2 35. Kf4 f6 36. e5 fxe5+
37. Kxe5 Kc8 38. Ke6 Nd4+ 39. Kf6 Kd7 40. h4 Ke8 41. Nh3 Nf3 42. Kg7 Nxh4
43. f6 Nf5+ 44. Kg6 Nd6 45. Ng5 h4 46. Kh5 Nf7 47. Kxh4 Nxg5 48. Kxg5 Kf7
49. Kf5 b5 50. Ke5 a5 51. b3 c5 52. Kd5 c4 53. dxc4 bxc4 54. bxc4 Kxf6 55.
Kc6 Ke5 56. a4 Kd4 57. Kb5 c5 58. Kxa5 Kxc4 59. Kb6 Kb4 60. a5 c4 61. a6 c3
62. a7 c2 63. a8=Q c1=Q 64. Qa5+ Kb3 65. Qb5+ Kc2 66. Qc4+ Kd1 67. Qd3+ Qd2
68. Qxd2+ Kxd2 { Game drawn because neither player has mating material }
1/2-1/2

[Event "ICC tourney 2411 (45 10)"]
[Site "Internet Chess Club"]
[Date "2021.02.27"]
[Round "2"]
[White "LA BRECHE, NATHANAEL JOHN:aWildNateDawg"]
[Black "Peckham, Duncan:Duncanp123"]
[Result "1-0"]
[ICCResult "Black checkmated"]
[WhiteElo "1165"]
[BlackElo "1327"]
[Opening "Ruy Lopez: 5.O-O"]
[ECO "C78"]
[NIC "RL.12"]
[Time "13:31:56"]
[PlyCount "133"]
[TimeControl "2700+10"]

1. e4 e5 2. Nf3 Nc6 3. Bb5 a6 4. Ba4 Nf6 5. O-O b5 6. Bb3 Be7 7. d3 O-O 8.
Nc3 d6 9. h3 Nb8 10. Be3 c5 11. Nd5 Nxd5 12. Bxd5 Ra7 13. a4 Qc7 14. axb5
axb5 15. Rxa7 Qxa7 16. Qa1 Na6 17. Qa5 Qb8 18. Bd2 Nc7 19. Bb3 Ne6 20. Ra1
Bd7 21. Qa7 Qc8 22. Bd5 Nc7 23. Bb7 Qd8 24. Ba5 h6 25. Bd5 Kh8 26. Qxc7 Qe8
27. Bd2 f5 28. Ra7 fxe4 29. Bxe4 Bxh3 30. Qxe7 Qxe7 31. Rxe7 Bg4 32. Nh4
Bh5 33. Ng6+ Bxg6 34. Bxg6 Ra8 35. Re8+ Rxe8 36. Bxe8 b4 37. c3 bxc3 38.
Bxc3 Kg8 39. Bc6 Kf8 40. Kh2 Ke7 41. Bd5 Kf6 42. b4 cxb4 43. Bxb4 Ke7 44.
Kg3 g6 45. Kg4 Kf6 46. Bxd6 h5+ 47. Kf3 Kf5 48. Be7 g5 49. Be4+ Ke6 50.
Bxg5 Kd6 51. Bg6 Kd5 52. Bxh5 Kd4 53. Bg6 Kd5 54. Bf7+ Kd4 55. Bf6 Kxd3 56.
Bxe5 Kd2 57. g4 Ke1 58. g5 Kf1 59. g6 Kg1 60. g7 Kh1 61. Bf6 Kg1 62. g8=Q+
Kf1 63. Bc4+ Ke1 64. Bc3+ Kd1 65. Qd5+ Kc2 66. Qd2+ Kb1 67. Bd3# { Black
checkmated } 1-0

[Event "ICC tourney 2411 (45 10)"]
[Site "Internet Chess Club"]
[Date "2021.02.27"]
[Round "2"]
[White "Hu, Ruyi:Ruyi"]
[Black "SURIYAPRAKASH, SHRUTI:shrutisuriya"]
[Result "1-0"]
[ICCResult "Black checkmated"]
[WhiteElo "357"]
[BlackElo "898"]
[Opening "Caro-Kann defense"]
[ECO "B10"]
[NIC "CK.01"]
[Time "13:31:51"]
[PlyCount "223"]
[TimeControl "2700+10"]

1. e4 c6 2. Nf3 d5 3. exd5 cxd5 4. d4 Nf6 5. Nc3 Bg4 6. h3 Bf5 7. Bd3 Bxd3
8. Qxd3 Nc6 9. O-O e6 10. Bg5 h6 11. Bh4 Bd6 12. a3 O-O 13. Nb5 Be7 14.
Rfe1 Nh5 15. Bxe7 Qxe7 16. Rad1 Nf4 17. Qe3 Qf6 18. Ne5 Rfd8 19. Nxc6 bxc6
20. Nc3 Ng6 21. Qg3 Re8 22. Na4 e5 23. dxe5 Nxe5 24. Nc5 Nc4 25. b4 Nxa3
26. Qxa3 Rxe1+ 27. Rxe1 Qf5 28. Qa4 Qc8 29. c3 Qc7 30. Qc2 a5 31. Ra1 Re8
32. bxa5 Qa7 33. Nd3 d4 34. cxd4 Qxd4 35. Ra4 Qa7 36. Qxc6 Rb8 37. Ra1 Rd8
38. Nc5 Rd2 39. a6 Rc2 40. Qb7 Qxc5 41. Qf3 Qa7 42. Rd1 Qxa6 43. Rd8+ Kh7
44. Qe4+ Qg6 45. Qe8 Qb6 46. Qe4+ Qg6 47. Qe8 Qb6 48. Qxf7 Rc1+ 49. Kh2
Qxd8 50. Qf5+ Kg8 51. Qe6+ Kh8 52. Qe5 Qf8 53. Qe3 Rc2 54. f3 Qb8+ 55. Kh1
Qb1+ 56. Kh2 Qb8+ 57. Kh1 h5 58. Qg5 Qe8 59. Kh2 Rb2 60. Qh4 Kh7 61. Qg5
Qb8+ 62. f4 Rb4 63. Qxh5+ Kg8 64. Qd5+ Kh8 65. Qh5+ Kg8 66. Qd5+ Kf8 67.
Qf5+ Ke8 68. Qe6+ Kf8 69. Qf5+ Kg8 70. Qd5+ Kf8 71. Qf5+ Ke8 72. Qe6+ Kd8
73. Qd5+ Kc7 74. Qc5+ Kd7 75. Qf5+ Kc6 76. Qc2+ Kb6 77. Qf2+ Ka5 78. Qa2+
Ra4 79. Qd5+ Qb5 80. Qa8+ Kb4 81. Qe4+ Ka3 82. Qe3+ Ka2 83. Qd2+ Ka3 84.
Qc3+ Ka2 85. Qc2+ Ka3 86. Qc3+ Ka2 87. Qc2+ Qb2 88. Qxa4+ Qa3 89. Qc2+ Qb2
90. Qxb2+ Kxb2 91. Kg3 Kc3 92. Kg4 Kd4 93. Kg5 Ke4 94. f5 Ke5 95. h4 Ke4
96. f6 gxf6+ 97. Kxf6 Kf4 98. h5 Kg3 99. h6 Kxg2 100. h7 Kf2 101. h8=Q Ke3
102. Qh4 Kd2 103. Qg3 Ke2 104. Ke5 Kd2 105. Qf3 Kc2 106. Qe3 Kb2 107. Qd3
Ka2 108. Qc3 Kb1 109. Qd2 Ka1 110. Kd4 Kb1 111. Kc3 Ka1 112. Qb2# { Black
checkmated } 1-0

[Event "ICC tourney 2411 (45 10)"]
[Site "Internet Chess Club"]
[Date "2021.02.27"]
[Round "3"]
[White "procopio, Patti:prostripe"]
[Black "SARVAIYA, ISHAN:ZebraGamer"]
[Result "1-0"]
[ICCResult "Black resigns"]
[WhiteElo "1246"]
[BlackElo "645"]
[Opening "Queen's pawn game, Chigorin variation"]
[ECO "A40"]
[NIC "QO.17"]
[Time "16:02:50"]
[PlyCount "95"]
[TimeControl "2700+10"]

1. d4 Nc6 2. Nf3 d5 3. Bf4 Nf6 4. Nbd2 Ne4 5. e3 e6 6. Bd3 g5 7. Bg3 Nxg3
8. hxg3 Bg7 9. c3 h5 10. Qc2 O-O 11. Rxh5 g4 12. Bh7+ Kh8 13. Bg6+ Kg8 14.
Bh7+ Kh8 15. Ng5 Qf6 16. Bg6+ Kg8 17. Bxf7+ Rxf7 18. Nxf7 Qxf7 19. Qh7+ Kf8
20. O-O-O e5 21. f3 exd4 22. exd4 gxf3 23. gxf3 Ne7 24. g4 Qg6 25. Qxg6
Nxg6 26. Rxd5 Be6 27. Rc5 c6 28. Re1 Bxa2 29. b3 Nf4 30. Kc2 Bxb3+ 31. Kxb3
Nd3 32. Rf5+ Kg8 33. Re7 Rb8 34. Rff7 Nc1+ 35. Kc2 Kh7 36. Rxg7+ Kh6 37.
Rh7+ Kg6 38. Reg7+ Kf6 39. Ne4+ Ke6 40. Rg6+ Kd5 41. Rh5+ Kc4 42. Kxc1 Rf8
43. Rf5 Rh8 44. Nd6+ Kxc3 45. Rh5 Rd8 46. Rh2 Kxd4 47. Rd2+ Kc5 48. Nxb7+ {
Black resigns } 1-0

[Event "ICC tourney 2411 (45 10)"]
[Site "Internet Chess Club"]
[Date "2021.02.27"]
[Round "3"]
[White "YADHUNANDAN, ADIDEV:Yadhunandan"]
[Black "WESLEY, GEORGE:Maglars"]
[Result "1-0"]
[ICCResult "Black checkmated"]
[WhiteElo "796"]
[BlackElo "1006"]
[Opening "Queen's Indian accelerated"]
[ECO "A50"]
[NIC "QP.07"]
[Time "16:02:40"]
[PlyCount "43"]
[TimeControl "2700+10"]

1. d4 Nf6 2. c4 b6 3. Nc3 Bb7 4. e3 e6 5. Bd3 d6 6. Nf3 Nbd7 7. O-O g6 8.
b3 Bg7 9. Re1 Qe7 10. e4 O-O-O 11. e5 dxe5 12. dxe5 Ne8 13. Bg5 f6 14. exf6
Ndxf6 15. Re3 Qc5 16. Rxe6 Bxf3 17. Qxf3 Qxg5 18. Qa8+ Kd7 19. Qc6+ Kc8 20.
c5 Qxc5 21. Ba6+ Kb8 22. Qb7# { Black checkmated } 1-0

[Event "ICC tourney 2411 (45 10)"]
[Site "Internet Chess Club"]
[Date "2021.02.27"]
[Round "3"]
[White "BUDHABHATTI, SHESH:bshesh131"]
[Black "BAREKET, NIMROD:nb12"]
[Result "1-0"]
[ICCResult "Black resigns"]
[WhiteElo "1033"]
[BlackElo "1212"]
[Opening "English: Sicilian reversed"]
[ECO "A25"]
[NIC "EO.20"]
[Time "16:02:45"]
[PlyCount "39"]
[TimeControl "2700+10"]

1. c4 e5 2. Nc3 Nc6 3. g3 Nf6 4. Bg2 Bc5 5. e3 d6 6. Nge2 Be6 7. d4 exd4 8.
exd4 Nxd4 9. Nxd4 Bxc4 10. Qa4+ b5 11. Ncxb5 Qe7+ 12. Kd1 Bd5 13. Bxd5 Nxd5
14. Re1 Qxe1+ 15. Kxe1 O-O 16. Qb3 Rfe8+ 17. Kf1 Nb6 18. Nc6 a6 19. Nxc7
Re1+ 20. Kxe1 { Black resigns } 1-0

[Event "ICC tourney 2411 (45 10)"]
[Site "Internet Chess Club"]
[Date "2021.02.27"]
[Round "3"]
[White "Sathu, Aarnav:aarnavsathu"]
[Black "HAN, DANIEL YUHAO:DanielHan"]
[Result "1-0"]
[ICCResult "Black checkmated"]
[WhiteElo "1055"]
[BlackElo "598"]
[Opening "Réti: King's Indian attack (Barcza system)"]
[ECO "A07"]
[NIC "QP.09"]
[Time "16:02:44"]
[PlyCount "89"]
[TimeControl "2700+10"]

1. Nf3 d5 2. g3 Nf6 3. Bg2 Nc6 4. d3 Bd7 5. O-O e5 6. Nbd2 Bd6 7. e4 d4 8.
Nb3 O-O 9. a3 b6 10. Bd2 a5 11. a4 Bb4 12. Bxb4 axb4 13. Nbd2 Bg4 14. b3 b5
15. axb5 Rxa1 16. Qxa1 Bxf3 17. Bxf3 Ne7 18. Nc4 Qd7 19. Qa4 c5 20. bxc6
Nxc6 21. Ra1 h6 22. h3 Rc8 23. Kh2 Qe8 24. Nd6 Ra8 25. Qxa8 Qxa8 26. Rxa8+
Kh7 27. Nxf7 Ng8 28. Ra6 Nb8 29. Ra7 Nc6 30. Rc7 Nb8 31. Bg4 Nf6 32. Bf5+
g6 33. Be6 Na6 34. Ra7 Nc5 35. Bc4 g5 36. Nxg5+ Kg6 37. Bf7+ Kxg5 38. h4+
Kg4 39. Ra6 Nh5 40. Bxh5+ Kxh5 41. Ra5 Nd7 42. Rb5 Kg4 43. Kg2 Nc5 44. Rxc5
h5 45. f3# { Black checkmated } 1-0

[Event "ICC tourney 2411 (45 10)"]
[Site "Internet Chess Club"]
[Date "2021.02.27"]
[Round "3"]
[White "TORRALVA, ANTHONY:chesslife06"]
[Black "Hu, Ruyi:Ruyi"]
[Result "1-0"]
[ICCResult "Black checkmated"]
[WhiteElo "1138"]
[BlackElo "357"]
[Opening "QGD: Marshall defense"]
[ECO "D06"]
[NIC "QP.08"]
[Time "16:03:33"]
[PlyCount "79"]
[TimeControl "2700+10"]

1. d4 d5 2. c4 Nf6 3. Nc3 Bf5 4. Bf4 Nc6 5. Nf3 e6 6. cxd5 exd5 7. e3 a6 8.
Be2 Bb4 9. O-O Bxc3 10. bxc3 O-O 11. c4 h6 12. cxd5 Nxd5 13. Bd3 Bxd3 14.
Qxd3 Nxf4 15. exf4 Re8 16. Rfe1 Qd6 17. Rxe8+ Rxe8 18. g3 Rd8 19. Rd1 Nb4
20. Qc4 c6 21. Ne5 Qc7 22. Qxb4 c5 23. Qc4 Qe7 24. d5 Qd6 25. Rc1 Qxd5 26.
Qxc5 Qxa2 27. Qc7 Qb2 28. Qxd8+ Kh7 29. Rc8 Qb1+ 30. Kg2 Qe4+ 31. Kf1 Qh1+
32. Ke2 Qe4+ 33. Kd2 Qb4+ 34. Ke3 Qb3+ 35. Kd4 Qd1+ 36. Kc5 Qc2+ 37. Kd6
Qd2+ 38. Kc7 Qc3+ 39. Kb8 Qb4 40. Qh8# { Black checkmated } 1-0

[Event "ICC tourney 2411 (45 10)"]
[Site "Internet Chess Club"]
[Date "2021.02.27"]
[Round "3"]
[White "RAMKUMAR, NIKHIL:nikhilramkumar"]
[Black "WU, SEAN HAN:dum2020arEEEWS"]
[Result "0-1"]
[ICCResult "White resigns"]
[WhiteElo "583"]
[BlackElo "907"]
[Opening "Sicilian: closed"]
[ECO "B23"]
[NIC "SI.44"]
[Time "16:03:33"]
[PlyCount "74"]
[TimeControl "2700+10"]

1. e4 c5 2. Nc3 d6 3. Bc4 Nf6 4. Nf3 Nc6 5. d3 g6 6. Be3 Bg7 7. Qd2 a6 8.
Bh6 O-O 9. O-O b5 10. Bb3 Bg4 11. Nh4 Nd4 12. h3 Bd7 13. Ne2 Nxb3 14. axb3
b4 15. Ng3 Qc8 16. Kh2 a5 17. c3 bxc3 18. bxc3 Qb7 19. Rab1 Be6 20. Qc2
Bxh6 21. Nf3 Rfb8 22. c4 Bg7 23. Kg1 Qc8 24. Kh2 Bd7 25. Rfe1 a4 26. bxa4
Bxa4 27. Rxb8 Qxb8 28. Qd2 Qb4 29. Qxb4 cxb4 30. Ra1 b3 31. Nd2 b2 32. Rb1
Rb8 33. Ne2 Bc2 34. Re1 b1=Q 35. Nxb1 Rxb1 36. Rxb1 Bxb1 37. Kg3 Bxd3 {
White resigns } 0-1

[Event "ICC tourney 2411 (45 10)"]
[Site "Internet Chess Club"]
[Date "2021.02.27"]
[Round "3"]
[White "STALEY, TIMOTHY:PirateKing"]
[Black "RAMPRASAD, UDBHAV:Udbhav10"]
[Result "1-0"]
[ICCResult "Black resigns"]
[WhiteElo "922"]
[BlackElo "650"]
[Opening "Queen's pawn, Mason variation"]
[ECO "D00"]
[NIC "QP.08"]
[Time "16:02:49"]
[PlyCount "53"]
[TimeControl "2700+10"]

1. d4 d5 2. Bf4 Bf5 3. Nf3 Nf6 4. e3 e6 5. Bd3 g6 6. Bxf5 gxf5 7. Nbd2 Nc6
8. c3 Bd6 9. Bxd6 Qxd6 10. O-O O-O-O 11. Rc1 h5 12. c4 h4 13. c5 Qf8 14.
Ne5 Qg7 15. Nxc6 bxc6 16. Nf3 Rdg8 17. g3 hxg3 18. fxg3 Ne4 19. Rc2 Nxg3
20. Rff2 Ne4+ 21. Rg2 Qh7 22. Rxg8+ Qxg8+ 23. Rg2 Qh7 24. Qe1 Qh3 25. Qe2
f6 26. Qa6+ Kd7 27. Rg7+ { Black resigns } 1-0

[Event "ICC tourney 2411 (45 10)"]
[Site "Internet Chess Club"]
[Date "2021.02.27"]
[Round "3"]
[White "Peckham, Duncan:Duncanp123"]
[Black "AHN, WILLIAM TK:kitook"]
[Result "1-0"]
[ICCResult "Black checkmated"]
[WhiteElo "1327"]
[BlackElo "659"]
[Opening "Vienna gambit"]
[ECO "C29"]
[NIC "VG.04"]
[Time "16:02:48"]
[PlyCount "61"]
[TimeControl "2700+10"]

1. e4 e5 2. Nc3 Nf6 3. f4 exf4 4. e5 Ng8 5. Nf3 f6 6. d4 Nc6 7. Bxf4 d5 8.
Qe2 Be7 9. O-O-O Bf5 10. Nh4 Bg6 11. Qf3 Bf7 12. Bb5 g5 13. Bxg5 fxg5 14.
Rhf1 Be6 15. Nf5 a6 16. Ng7+ Kd7 17. Nxe6 Qe8 18. Qxd5+ Kc8 19. Ng7 Qd7 20.
Bxc6 Qxc6 21. Qf7 Kb8 22. d5 Qb6 23. d6 cxd6 24. Nd5 Qd8 25. Ne6 Qc8 26.
Nxe7 Nxe7 27. Qxe7 dxe5 28. Rd7 Re8 29. Qd6+ Ka7 30. Nc5 Rb8 31. Qxa6# {
Black checkmated } 1-0